 Dungeon Sprint DCSS version 0.19.0-2-gae57169 (webtiles) character file.

1131 poirepourri the Prestidigitator (level 8, 0/67 HPs)
             Began as a Red Draconian Artificer on Nov 3, 2016.
             Was a High Priest of Qazlal.
             Slain by a wolf spider (4 damage)
             ... in the Dungeon (Sprint VII: "The Pits").
             The game lasted 00:04:04 (1434 turns).

poirepourri the Prestidigitator (DrAr)              Turns: 1434, Time: 00:04:05

Health: 0/67       AC:  9    Str: 15    XL:     8   Next: 13%
Magic:  18/18      EV:  2    Int: 11    God:    Qazlal [*****.]
Gold:   0          SH:  0    Dex: 14    Spells: 0 memorised, 7 levels left

rFire  + . .     SeeInvis .     l - +2 dagger
rCold  . . .     Gourm    .     (armour unavailable)
rNeg   + + +     Faith    .     (no shield)
rPois  ∞         Spirit   .     (helmet restricted)
rElec  .         Reflect  .     (no cloak)
rCorr  .         Harm     .     (no gloves)
MR     .....     NoTele   +     (no boots)
Stlth  +.........               (no amulet)
                                (no ring)
                                (no ring)

@: lethally poisoned (0 -> 0), petrified, protected from physical damage, repel
missiles
A: breathe fire, unfitting armour, fire resistance 1, cold-blooded, AC +6
a: Breathe Fire, Upheaval, Elemental Force, Disaster Area, Renounce Religion


You were in the Dungeon.
You worshipped Qazlal.
Qazlal was extremely pleased with you.
You were not hungry.

You visited 1 branch

Inventory:

Hand Weapons
 l - a +2 dagger (weapon)
Wands
 b - a wand of flame (0/48)
 c - a wand of enslavement (5/24)
 d - a wand of random effects (0/48)
Scrolls
 k - a scroll of blinking
 m - 3 scrolls of remove curse
 n - 5 scrolls of amnesia
Potions
 a - 2 potions of invisibility
 e - 6 potions of curing
 g - 6 potions of heal wounds
 h - a potion of haste
 i - 4 potions of magic
 j - 2 potions of berserk rage
Comestibles
 f - 7 bread rations
 p - 40 fruits
 q - 7 meat rations


   Skills:
 + Level 4.9 Fighting
 + Level 5.2 Short Blades
 + Level 7.0 Dodging
 - Level 0.8 Stealth
 + Level 14.4 Evocations


You had 7 spell levels left.
You didn't know any spells.

Dungeon Overview and Level Annotations

Branches:
Dungeon (1/1)

Altars:
Ashenzari
Cheibriados
Dithmenos
Elyvilon
Fedhas
Gozag
Hepliaklqana
Kikubaaqudgha
Makhleb
Nemelex Xobeh
Okawaru
Qazlal
Ru
Sif Muna
Trog
Uskayaw
Vehumet
Xom
Yredelemnul
Zin
The Shining One
Beogh
Jiyva
Lugonu


Innate Abilities, Weirdness & Mutations

You can breathe blasts of fire.
Your fiery red scales are hard. (AC +6)
You cannot fit into any form of body armour.
Your flesh is heat resistant. (rF+)
You are cold-blooded and may be slowed by cold attacks.


Message History

You resist with significant effort. The wolf spider hits you!
The wolf spider bites you! The basilisk bites you. The wolf spider hits you!
The wolf spider bites you.
* * * LOW HITPOINT WARNING * * *
The wolf spider hits you!
* * * LOW HITPOINT WARNING * * *
The wolf spider bites you but does no damage.
The basilisk is struck by lightning.
The basilisk gazes at you.
You hear an angry hiss.
You hear an angry squeal.
Your protection from physical attacks is fading.
The wolf spider completely misses you. The wolf spider bites you!
* * * LOW HITPOINT WARNING * * *
The basilisk is struck by lightning.
The basilisk bites you!
* * * LOW HITPOINT WARNING * * *
You feel more protected from physical attacks.
The wolf spider is struck by lightning.
The wolf spider hits you.
* * * LOW HITPOINT WARNING * * *
The wolf spider bites you!
You die...

#..#############'##..#
#..# #.# #v.# #..# #N#
#..# #..# #N# #.l# #..#
#p# #..# #..# #N# #..#
#..################..#
##.............§......#
##.............l@s....#
###########''##########
###########''######
##................#
##......#..#......#
##................+
.'................+
##......#..#......#
##................#


You could see a wolf spider and a basilisk.

Vanquished Creatures
  A bog body (D)
  A warg (D)
  2 floating eyes (D)
  An orc warrior (D)
  A sky beast (D)
  An ogre (D)
  A centaur (D)
  A killer bee (D)
  An orc wizard (D)
  An adder (D)
  An ufetubus (D)
  A leopard gecko (D)
  3 orcs (D)
  A bat (D)
  A giant cockroach (D)
  A hobgoblin (D)
  A ball python (D)
  A frilled lizard (D)
21 creatures vanquished.

Vanquished Creatures (collateral kills)
  2 insubstantial wisps (D)
  A black bear (D)
  A gnoll (D)
4 creatures vanquished.

Vanquished Creatures (others)
  A necrophage (D)
  2 killer bees (D)
3 creatures vanquished.

Grand Total: 28 creatures vanquished

Notes
Turn   | Place    | Note
-------+----------+-------------------------------------------
     0 | D        | poirepourri the Draconian Artificer began the quest for the Orb.
     0 | D        | Reached XP level 1. HP: 16/16 MP: 3/3
    14 | D        | Noticed a floating eye
    18 | D        | Paralysed by a floating eye for 3 turns
    24 | D        | Killed a floating eye
    24 | D        | Reached skill level 8 in Evocations
    24 | D        | Reached XP level 2. HP: 24/24 MP: 4/7
    24 | D        | Reached XP level 3. HP: 29/29 MP: 4/8
    24 | D        | Reached XP level 4. HP: 36/36 MP: 5/10
    70 | D        | Found a radiant altar of Vehumet.
    70 | D        | Found a hide-covered altar of Uskayaw.
    70 | D        | Found an ancient bone altar of Kikubaaqudgha.
    70 | D        | Found a viscous altar of Jiyva.
    70 | D        | Found a hazy altar of Hepliaklqana.
    71 | D        | Found a bloodstained altar of Trog.
    71 | D        | Found a deep blue altar of Sif Muna.
    71 | D        | Found a sacrificial altar of Ru.
    71 | D        | Found a stormy altar of Qazlal.
    71 | D        | Found an iron altar of Okawaru.
    71 | D        | Found a sparkling altar of Nemelex Xobeh.
    71 | D        | Found an opulent altar of Gozag.
    71 | D        | Found a blossoming altar of Fedhas.
    71 | D        | Found a white marble altar of Elyvilon.
    71 | D        | Found a shadowy altar of Dithmenos.
    71 | D        | Found a snail-covered altar of Cheibriados.
    72 | D        | Found a glowing golden altar of the Shining One.
    72 | D        | Found a glowing silver altar of Zin.
    73 | D        | Found a burning altar of Makhleb.
    73 | D        | Found a basalt altar of Yredelemnul.
    73 | D        | Found a roughly hewn altar of Beogh.
    74 | D        | Found a corrupted altar of Lugonu.
    74 | D        | Found a shimmering altar of Xom.
    74 | D        | Found a shattered altar of Ashenzari.
    98 | D        | Became a worshipper of Qazlal Stormbringer
   180 | D        | Noticed a necrophage
   182 | D        | Noticed an ogre
   204 | D        | Reached * piety under Qazlal
   214 | D        | Killed an ogre
   214 | D        | Reached skill level 9 in Evocations
   214 | D        | Reached XP level 5. HP: 20/42 MP: 12/12
   252 | D        | Noticed a sky beast
   262 | D        | Killed a sky beast
   262 | D        | Reached ** piety under Qazlal
   262 | D        | Reached skill level 5 in Dodging
   262 | D        | Reached skill level 10 in Evocations
   262 | D        | Reached XP level 6. HP: 31/50 MP: 14/14
   394 | D        | Noticed a warg
   544 | D        | Killed a warg
   544 | D        | Reached skill level 11 in Evocations
   718 | D        | Noticed a bog body
   723 | D        | Killed a bog body
   723 | D        | Reached skill level 12 in Evocations
   723 | D        | Your scales start taking on a fiery red colour.
   723 | D        | Reached XP level 7. HP: 13/59 MP: 14/16
   723 | D        | Gained mutation: Your flesh is heat resistant. (rF+) [Red Draconian growth]
   967 | D        | Reached *** piety under Qazlal
   967 | D        | Reached skill level 13 in Evocations
   991 | D        | Noticed a death yak
  1010 | D        | Reached **** piety under Qazlal
  1278 | D        | Reached ***** piety under Qazlal
  1278 | D        | Reached skill level 5 in Short Blades
  1278 | D        | Reached skill level 14 in Evocations
  1388 | D        | Noticed a naga mage
  1388 | D        | Noticed a naga mage
  1389 | D        | Noticed a basilisk
  1390 | D        | Noticed a Killer Klown
  1413 | D        | Reached XP level 8. HP: 67/67 MP: 18/18
  1425 | D        | Noticed a wolf spider
  1434 | D        | Slain by a wolf spider

Skill      XL: |  1  2  3  4  5  6  7  8 |
---------------+-------------------------+-----
Fighting       | 2 4 |  4.9
Short Blades   | 2 3 4 5 |  5.2
Dodging        | 3 4 5 6 7 |  7.0
Evocations     | 8 9 10 12 14 | 14.4
Stealth        | |  0.8

Action                   |  1- 3 |  4- 6 |  7- 9 || total
-------------------------+-------+-------+-------++-------
Melee: Short sword       |     7 |       |       ||     7
       Dagger            |       |    11 |     3 ||    14
       Tailslap          |       |     2 |       ||     2
 Abil: Breathe Fire      |       |       |     1 ||     1
Evoke: Wand              |       |    23 |    17 ||    40
  Use: Potion            |       |     1 |       ||     1
       Scroll            |       |       |     1 ||     1
  Eat: Bread ration      |       |       |     1 ||     1
Armor: Skin              |       |     8 |     8 ||    16
Dodge: Dodged            |       |    17 |    17 ||    34
Block: Other             |       |     3 |     7 ||    10
